Description

This Build Order is a proxy 2 Gates + Forge.

VOD

https://youtu.be/_kiE8LHI2ds

Replay - double gate

Build Order

Get SALT Encoding   

  12  0:00  Probe  
  13  0:12  Probe  
  14  0:24  Probe  
  15  0:36  Pylon  
  15  0:54  Gateway x2  
  15  0:59  Forge  
  15  1:23  Pylon  
  15  1:40  Zealot x2 (Chrono Boost)  
  15  1:44  Photon Cannon  
  19  1:49  Photon Cannon  
  19  1:59  Zealot x2 (Chrono Boost)  
  21  2:25  Zealot (Chrono Boost)  
  25  2:33  Zealot (Chrono Boost)  
  23  2:44  Zealot  
  25  2:52  Photon Cannon  
  25  2:53  Zealot  
  27  2:59  Photon Cannon  
Spawning Tool Build Advisor. Get it on Overwolf

Go to:

Details

  • Created by: zuka      
  • Published on: May 17, 2021
  • Patch: 4.11.0
  • Difficulty: Easy
Show
View Real Time Build Order
Export as new Build Order

Comments (0)

There are no comments. Be the first!

Create an account to comment!